 Dungeon Crawl Stone Soup version 0.17.2-1-ge4368a0 (webtiles) character file.

35002 Goblin1989 the Slicer (level 13, -5/63 HPs)
             Began as a Vine Stalker Berserker on Dec 8, 2016.
             Was a High Priest of Trog.
             Killed from afar by an electric eel (8 damage)
             ... with a bolt of electricity
             ... on level 1 of the Lair of Beasts.
             The game lasted 01:16:30 (13014 turns).

Goblin1989 the Slicer (Vine Stalker Berserker)     Turns: 13014, Time: 01:16:32

Health: -5/63      AC: 11    Str: 18 (23) XL:     13   Next: 81%
Magic:  0/17       EV: 16    Int:  6 (7)  God:    Trog [*****.]
Gold:   1005       SH: 12    Dex: 16      Spells: 0 memorised, 12 levels left

rFire  + . .     SeeInvis +     k - +4 short sword (speed)
rCold  + . .     Clarity  .     w - +0 troll leather armour
rNeg   . . .     SustAt   .     E - +0 shield {reflect}
rPois  +         Gourm    .     K - +2 hat {SInv}
rElec  .         Spirit   +     A - +2 cloak {rC+}
rCorr  .         Warding  .     X - +0 pair of gloves
rMut   .         Stasis   .     h - +0 pair of boots
MR     +++..                    (no amulet)
Stlth  +++.......               o - ring of poison resistance
                                f - ring of protection from fire

@: regenerating, extremely resistant to hostile enchantments, fairly stealthy
A: fangs 3, deterioration 2, frail 1, mutation resistance 1, regeneration 3,
magic shield, antimagic bite, no device heal 3, rot immunity
a: Berserk, Trog's Hand, Brothers in Arms, Burn Spellbooks, Renounce Religion


You were on level 1 of the Lair of Beasts.
You worshipped Trog.
Trog was extremely pleased with you.
You were not hungry.

You visited 3 branches of the dungeon, and saw 15 of its levels.
You also visited: Ice Cave.

You collected 1005 gold pieces.

Inventory:

Hand Weapons
 k - a +4 short sword of speed (weapon)
 r - a +3 scimitar of flaming
Missiles
 i - 7 needles of slowing
 j - 2 needles of confusion
 Q - 43 poisoned needles
Armour
 h - a +0 pair of boots (worn)
 w - a +0 troll leather armour (worn)
 A - a +2 cloak of cold resistance (worn)
 E - a +0 shield of reflection (worn)
 H - the +8 large shield of Midsummer {*Drain Regen+ Dex+5 Slay+3, unknown}
   (You found it on level 1 of the Lair of Beasts)

   It affects your dexterity (+5).
   It affects your accuracy and damage with ranged weapons and melee attacks
   (+3).
   It increases your rate of regeneration.
   It causes draining when unequipped.
 K - a +2 hat of see invisible (worn)
 X - a +0 pair of gloves (worn)
Jewellery
 f - a ring of protection from fire (left hand)
 l - a ring of flight
 o - a ring of poison resistance (right hand)
Wands
 g - a wand of teleportation (4) {!v, @v4}
 D - a wand of fire (13)
 P - a wand of paralysis (16)
 R - a wand of draining (9)
Scrolls
 e - 9 scrolls of remove curse {@r2}
 m - 2 scrolls of fog
 q - a scroll of random uselessness {unknown}
 s - 2 scrolls of recharging {unknown}
 L - 3 scrolls of fear
 M - 5 scrolls of magic mapping
 N - a scroll of blinking {unknown}
 O - 4 scrolls of amnesia {unknown}
 T - 5 scrolls of teleportation {!r, @r4}
Potions
 n - 3 potions of agility
 u - a potion of lignification {!q}
 x - 6 potions of curing {@q1}
 z - 2 potions of haste {!q, @q3}
 G - 5 potions of flight
 V - a potion of might
 W - a potion of beneficial mutation
Books
 a - a book of Hinderance

   Spells                             Type                      Level
   a - Confusing Touch                Hexes                        2
   b - Confuse                        Hexes                        3
   c - Gell's Gravitas                Hexes/Translocation          3
   d - Petrify                        Transmutation/Earth          4
   e - Metabolic Englaciation         Hexes/Ice                    5
   Trog disapproves of the use of such an item.
 b - a book of Summonings

   Spells                             Type                      Level
   a - Recall                         Summoning/Translocation      3
   b - Aura of Abjuration             Summoning                    5
   c - Shadow Creatures               Summoning                    5
   d - Summon Demon                   Summoning                    5
   e - Summon Forest                  Summoning/Translocation      5
   f - Summon Mana Viper              Hexes/Summoning              5
   Trog disapproves of the use of such an item.
 y - a book of Party Tricks

   Spells                             Type                      Level
   a - Summon Butterflies             Summoning                    1
   b - Apportation                    Translocation                1
   c - Tukima's Dance                 Hexes                        3
   d - Alistair's Intoxication        Transmutation/Poison         4
   e - Invisibility                   Hexes                        6
   Trog disapproves of the use of such an item.
 B - a book of the Warp (quivered)

   Spells                             Type                      Level
   a - Recall                         Summoning/Translocation      3
   b - Gell's Gravitas                Hexes/Translocation          3
   c - Force Lance                    Conjuration/Translocation    4
   d - Phase Shift                    Translocation                5
   e - Warp Weapon                    Charms/Translocation         5
   f - Summon Forest                  Summoning/Translocation      5
   Trog disapproves of the use of such an item.
 C - a book of Burglary

   Spells                             Type                      Level
   a - Swiftness                      Charms/Air                   2
   b - Passwall                       Transmutation/Earth          3
   c - Passage of Golubria            Translocation                4
   d - Lee's Rapid Deconstruction     Earth                        5
   e - Darkness                       Hexes                        6
   f - Invisibility                   Hexes                        6
   Trog disapproves of the use of such an item.
 I - a book of Death

   Spells                             Type                      Level
   a - Corpse Rot                     Necromancy                   2
   b - Sublimation of Blood           Necromancy                   2
   c - Agony                          Necromancy                   5
   d - Dispel Undead                  Necromancy                   5
   e - Excruciating Wounds            Charms/Necromancy            5
   f - Bolt of Draining               Conjuration/Necromancy       5
   Trog disapproves of the use of such an item.
 Y - the Almanac of Hurtful Lightness
   (You found it on level 13 of the Dungeon)

   Spells                             Type                      Level
   a - Summon Lightning Spire         Summoning/Air                4
   b - Lightning Bolt                 Conjuration/Air              5
   c - Silence                        Hexes/Air                    5
   d - Freezing Cloud                 Conjuration/Ice/Air          6
   Trog disapproves of the use of such an item.
Comestibles
 c - 12 bread rations {@e1}
 d - 5 meat rations {@e2}
 p - 2 fruits
 t - 2 slices of pizza
 v - a royal jelly
 F - 5 chunks of flesh {@w0}
 S - 4 beef jerkies


   Skills:
 + Level 9.5 Fighting
 - Level 12.0 Short Blades
 - Level 2.9 Armour
 + Level 8.5 Dodging
 - Level 5.0 Stealth
 * Level 10.9 Shields
 - Level 4.5 Evocations


You had 12 spell levels left.
You didn't know any spells.

Dungeon Overview and Level Annotations

Branches:
Dungeon (13/15)            Temple (0/1) D:7            Lair (1/8) D:8
    Orc (1/4) D:9
 Vaults: D:13-14

Altars:
Cheibriados
Dithmenos
Elyvilon
Kikubaaqudgha
Makhleb
Nemelex Xobeh
Qazlal
Ru
Sif Muna
Trog
The Shining One

Annotations:
D:5 dscm's ghost, novice OpEE
D:7 exclusion: slave


Innate Abilities, Weirdness & Mutations

You have razor-sharp teeth.
You regenerate.
When hurt, damage is shared between your health and your magic reserves.
Your bite disrupts and absorbs the magic of your enemies.
Potions and wands cannot restore your health.
You are immune to rotting.
Your body often deteriorates upon taking damage.
You are frail (-10% HP).
You are somewhat resistant to further mutation.


Message History

The bolt of electricity hits you!
* * * LOW HITPOINT WARNING * * *
You take 5 damage, and have 13/63 hp.
You now have 3/17 mp.
You regained 3 hp, and now have 16/63 hp.
The electric eel shoots out a bolt of lightning at you!
The bolt of electricity misses you.
The electric eel shoots out a bolt of lightning at you!
The bolt of electricity hits the plant.
The bolt of electricity hits you!
* * * LOW HITPOINT WARNING * * *
Your body deteriorates!
You feel dopey.
You take 6 damage, and have 10/63 hp.
You now have 2/17 mp.
Read which item? (? for menu, Esc to quit)
As you read the scroll of fog, it crumbles to dust.
The scroll dissolves into smoke.
The electric eel shoots out a bolt of lightning at you!
The bolt of electricity hits you!
* * * LOW HITPOINT WARNING * * *
The electric eel shoots out a bolt of lightning at you!
The bolt of electricity hits the plant.
The bolt of electricity hits you!
You die... ...............███.██.███>█ ...............█ ██████ █r█ ...............█ █t█ ██...........).█ █.█ ████

█..............███
█.YY.....
█................█
██.███.██
██.............§§█
██
.............§§§█
..........§@█████
.........§§§...██
.......§...§...█
..............██
███.███♣;PP≈≈♣ ██
♣≈P;P≈♣ ♣≈≈≈≈♣≈█
█P≈≈≈♣██ ██≈♣♣█


You could see 2 electric eels.

Vanquished Creatures
  Gastronok (D:10)
  Maud (D:13)
  The ghost of Goblin1989 the Grappler, a journeyman NaTm of Okawaru (D:10)
  Erica (D:10)
  An unseen horror (D:13)
  A skeletal warrior (D:12)
  2 hill giants
  2 ugly things
  A cyclops (D:12)
  A centaur zombie (D:8)
  Joseph (Lair:1)
  An ice statue (IceCv)
  A komodo dragon (Lair:1)
  A gargoyle (D:13)
  A kobold demonologist (D:12)
  A fire drake (Lair:1)
  The ghost of Goblin1989 the Skirmisher, an amateur DsAr of Xom (D:6)
  10 polar bears (IceCv)
  2 trolls
  A two-headed ogre (D:13)
  4 deep elf magi
  47 yaks
  Sigmund (D:6)
  A spriggan (D:8)
  2 wyverns
  A steam dragon (D:10)
  4 hippogriffs
  3 vampire mosquitoes (D:12)
  Menkaure (D:6)
  A mottled dragon (D:13)
  2 hungry ghosts
  12 wolves
  Edmund (D:6)
  2 wargs (D:8)
  2 water moccasins
  4 ogres
  6 sky beasts
  A wasp (D:9)
  A necrophage (D:10)
  A porcupine (Lair:1)
  A black bear (D:13)
  5 ice beasts
  6 orc warriors
  3 phantoms
  2 crocodiles (Lair:1)
  6 centaurs
  8 giant frogs
  2 big kobolds
  2 scorpions
  9 killer bees
  A giant frog zombie (D:9)
  An electric eel (Lair:1)
  9 wights
  8 crimson imps
  A jelly (D:12)
  15 orc priests
  3 iguanas
  11 orc wizards
  Ijyb (D:2)
  6 hounds
  2 centaur skeletons
  2 giant frog skeletons
  5 worker ants
  2 hell rats (Lair:1)
  A killer bee zombie (D:7)
  2 worker ant zombies
  3 gnolls
  17 river rats (Lair:1)
  3 shadow imps
  13 adders
  An ooze (D:5)
  2 adder zombies
  An adder skeleton (D:4)
  4 worms
  4 giant geckos
  45 orcs
  9 giant cockroaches
  8 goblins
  8 hobgoblins
  19 jackals
  15 kobolds
  2 quokkas
  A ball python (D:4)
  14 bats
  5 giant newts
  A jackal skeleton (D:4)
  2 quokka skeletons (D:7)
  11 rats
431 creatures vanquished.

Vanquished Creatures (collateral kills)
  A frost giant (IceCv)
  2 hydras
  3 skeletal warriors (D:12)
  2 hill giants (D:12)
  A wolf spider zombie (D:13)
  A centaur skeleton (D:12)
  5 polar bears (IceCv)
  2 yaks (IceCv)
  2 wolves (IceCv)
19 creatures vanquished.

Vanquished Creatures (others)
  A fungus (Lair:1)
1 creature vanquished.

Grand Total: 451 creatures vanquished

Notes
Turn   | Place    | Note
--------------------------------------------------------------
     0 | D:1      | Goblin1989 the Vine Stalker Berserker began the quest for the Orb.
     0 | D:1      | Reached XP level 1. HP: 11/11 MP: 2/2
    74 | D:1      | Reached skill level 3 in Short Blades
    86 | D:1      | Reached XP level 2. HP: 14/16 MP: 3/3
   155 | D:1      | Reached skill level 1 in Stealth
   241 | D:1      | Reached XP level 3. HP: 16/19 MP: 2/4
   368 | D:1      | Reached ** piety under Trog
  1054 | D:2      | Reached XP level 4. HP: 23/23 MP: 5/5
  1191 | D:2      | Noticed Ijyb
  1205 | D:2      | Killed Ijyb
  1205 | D:2      | Reached skill level 4 in Short Blades
  1347 | D:2      | Found a stormy altar of Qazlal.
  1350 | D:2      | Found a burning altar of Makhleb.
  1353 | D:2      | Found a deep blue altar of Sif Muna.
  1372 | D:2      | Found a snail-covered altar of Cheibriados.
  1458 | D:2      | Reached XP level 5. HP: 27/27 MP: 6/6
  1561 | D:2      | Found a white marble altar of Elyvilon.
  1704 | D:3      | Reached *** piety under Trog
  1722 | D:3      | Found a sparkling altar of Nemelex Xobeh.
  1888 | D:3      | Found a shadowy altar of Dithmenos.
  2502 | D:4      | Reached skill level 5 in Short Blades
  2519 | D:4      | Gained mutation: You heal very quickly. [Vine Stalker growth]
  2519 | D:4      | Reached XP level 6. HP: 18/32 MP: 5/7
  2629 | D:4      | Reached skill level 5 in Stealth
  2893 | D:4      | Reached XP level 7. HP: 14/35 MP: 8/8
  3537 | D:5      | Entered Level 5 of the Dungeon
  3551 | D:5      | Reached skill level 6 in Short Blades
  3695 | D:5      | Reached **** piety under Trog
  3866 | D:5      | You fall through a shaft for 3 floors!
  3866 | D:8      | Found a staircase to the Lair.
  3893 | D:8      | Gained mutation: You have razor-sharp teeth. [Vine Stalker growth]
  3893 | D:8      | Reached XP level 8. HP: 29/41 MP: 9/9
  3974 | D:7      | Reached skill level 7 in Short Blades
  4024 | D:7      | Found a staircase to the Ecumenical Temple.
  4236 | D:5      | Noticed dscm's ghost (novice OpEE)
  4267 | D:6      | Noticed Menkaure
  4281 | D:6      | Killed Menkaure
  4281 | D:6      | Reached skill level 1 in Shields
  4500 | D:6      | Noticed Sigmund
  4509 | D:6      | Noticed Edmund
  4510 | D:6      | Killed Sigmund
  4548 | D:6      | Killed Edmund
  4548 | D:6      | Reached skill level 8 in Short Blades
  4548 | D:6      | Reached XP level 9. HP: 42/46 MP: 8/10
  4621 | D:6      | Noticed Goblin1989's ghost (amateur DsAr)
  4631 | D:6      | Killed Goblin1989's ghost
  4958 | D:6      | Reached skill level 5 in Fighting
  5331 | D:8      | Noticed a deep elf mage
  5340 | D:8      | Killed a deep elf mage
  5419 | D:8      | Noticed a centaur zombie
  5442 | D:8      | Killed a centaur zombie
  5442 | D:8      | Reached skill level 9 in Short Blades
  5575 | D:8      | Reached XP level 10. HP: 52/52 MP: 11/11
  5651 | D:8      | Found a sacrificial altar of Ru.
  5672 | D:8      | Noticed a hungry ghost
  5675 | D:8      | Killed a hungry ghost
  6113 | D:8      | Noticed a spriggan baker
  6115 | D:8      | Killed a spriggan baker
  6397 | D:9      | Reached ***** piety under Trog
  6401 | D:9      | Gained mutation: You are frail (-10% HP). [mutagenic meat]
  6402 | D:9      | Gained mutation: Your body sometimes deteriorates upon taking damage. [mutagenic meat]
  6579 | D:9      | Got a steaming long sword
  6580 | D:9      | Identified the +5 long sword "Ocaegemn" {slice, -Tele +Inv rPois} (You found it on level 9 of the Dungeon)
  6674 | D:9      | Reached skill level 10 in Short Blades
  6747 | D:9      | Found a staircase to the Orcish Mines.
  6896 | D:9      | Reached skill level 1 in Evocations
  6913 | D:9      | Found an ancient bone altar of Kikubaaqudgha.
  7061 | D:9      | Reached skill level 5 in Shields
  7230 | D:10     | Entered Level 10 of the Dungeon
  7230 | D:10     | Noticed Gastronok
  7301 | D:10     | Reached skill level 5 in Dodging
  7318 | D:10     | Gained mutation: You are somewhat resistant to further mutation. [mutagenic meat]
  7333 | D:10     | Noticed Erica
  7389 | D:10     | Reached XP level 11. HP: 52/52 MP: 14/14
  7393 | D:10     | Killed Erica
  7424 | D:10     | Noticed a hill giant
  7449 | D:10     | Killed a hill giant
  7629 | Lair:1   | Entered Level 1 of the Lair of Beasts
  7705 | Lair:1   | Noticed Joseph
  7956 | Orc:1    | Entered Level 1 of the Orcish Mines
  7963 | Orc:1    | Noticed an orc knight
  8110 | D:10     | Noticed Goblin1989's ghost (journeyman NaTm)
  8281 | D:10     | Killed Gastronok
  8499 | D:10     | Received a gift from Trog
  8642 | D:11     | Found a bloodstained altar of Trog.
  8687 | D:11     | Found a glowing golden altar of the Shining One.
  8785 | D:11     | Gained mutation: You regenerate. [Vine Stalker growth]
  8785 | D:11     | Reached XP level 12. HP: 57/57 MP: 16/16
  8867 | D:11     | Noticed a five-headed hydra
  8889 | D:11     | Killed a seven-headed hydra
 10104 | D:13     | Noticed a five-headed hydra
 10109 | D:13     | Killed a five-headed hydra
 10109 | D:13     | Reached skill level 11 in Short Blades
 10189 | D:13     | Found a frozen archway.
 10203 | IceCv    | Entered an ice cave
 10332 | IceCv    | Reached XP level 13. HP: 62/62 MP: 17/17
 10529 | IceCv    | Received a gift from Trog
 10573 | IceCv    | Noticed a frost giant
 10614 | IceCv    | Killed a frost giant
 10614 | IceCv    | Reached skill level 10 in Shields
 11264 | D:13     | Identified the Almanac of Hurtful Lightness
 11516 | D:13     | Noticed Maud
 11546 | D:13     | Killed Maud
 11739 | D:13     | Gained mutation: Your body often deteriorates upon taking damage. [mutagenic meat]
 11944 | D:10     | Killed Goblin1989's ghost
 12201 | Lair:1   | Killed Joseph
 12210 | D:8      | Reached skill level 12 in Short Blades
 13002 | Lair:1   | Got a crude large shield
 13014 | Lair:1   | HP: 3/63 [electric eel/bolt of electricity (9)]
 13014 | Lair:1   | Killed from afar by an electric eel

Action                   |  1- 3 |  4- 6 |  7- 9 | 10-12 | 13-15 || total
-------------------------+-------+-------+-------+-------+-------++-------
Melee: Short sword       |   138 |   230 |   175 |   374 |   632 ||  1549
       Dagger            |       |       |   222 |   582 |       ||   804
       Falchion          |       |       |    15 |       |       ||    15
Invok: Trog's Hand       |     1 |     3 |     3 |     6 |     3 ||    16
       Berserk           |       |     1 |     2 |     3 |       ||     6
       Brothers in Arms  |       |       |       |     4 |     2 ||     6
 Abil: Evoke Invisibilit |       |       |       |     2 |       ||     2
  Use: Scroll            |     1 |       |     1 |     8 |     8 ||    18
       Potion            |       |       |       |     9 |     1 ||    10
 Stab: Sleeping          |     1 |    11 |     7 |     9 |     1 ||    29
       Distracted        |       |     1 |     1 |     1 |       ||     3
  Eat: Chunk             |     1 |     6 |    11 |    33 |    16 ||    67
       Fruit             |       |       |     2 |       |       ||     2

Vault maps used:
D:1:      mushboom_english_gardens, minmay_misc_feat_columns,
          minmay_parallelograms, minmay_vboxes
D:2:      elyvilon_altar_4, minitemple, first_bread, minmay_misc_feat_chi,
          uniq_iyjb
D:3:      lemuel_castle_with_subvaults,
          nicolae_dithmenos_through_a_glass_darkly, lemuel_crystal_altar
D:5:      serial_glass, glass_columns_b, glass_columns_a, item_on_display_a,
          grunt_ministairs_8
D:6:      minmay_misc_feat_hallway, uniq_sigmund, uniq_menkaure, uniq_edmund
D:7:      minmay_temple_entry_mist, uniq_pikel
D:8:      erik_lair_orcish_takeover, the_bakery, nicolae_ru_sacrificial_ziggurat
D:9:      old_standard_altar, david_orc_2
D:10:     uniq_erica, uniq_gastronok
D:11:     basic_altar, bloody_trog
D:13:     portal_ice_cave_entry_pillars_02, uniq_maud
Lair:1:   kennysheep_rathole, nicolae_quartered_pool_super, grunt_megastairs_3,
          lemuel_fruit_fields, serial_bayou_shore_b, uniq_joseph
Orc:1:    uniq_urug, uniq_erolcha
IceCv:    ice_cave_small_giant
